 Dungeon Crawl Stone Soup version 0.26-a0-737-g4e9f4955e2 (webtiles) character file.

Game seed: 15303154778062185382

7383 mhtbhm the Cleaver (level 10, -2/91 HPs)
             Began as a Minotaur Berserker on Nov 4, 2020.
             Was a High Priest of Trog.
             Slain by an acid dragon (4 damage)
             ... while petrified by a basilisk
             ... on level 10 of the Dungeon.
             The game lasted 00:10:00 (8231 turns).

mhtbhm the Cleaver (Minotaur Berserker)             Turns: 8231, Time: 00:10:01

Health: -2/91      AC: 14    Str: 24    XL:     10   Next: 92%
Magic:  0/18       EV:  2    Int: 10    God:    Trog [*****.]
Gold:   466        SH:  0    Dex: 11    Spells: 9/9 levels left

rFire    + . .     SeeInvis .   a - +0 hand axe
rCold    . . .     Faith    .   h - +0 buckler
rNeg     + + +     Spirit   +   b - +1 chain mail {rF+}
rPois    ∞         Reflect  .   (helmet restricted)
rElec    .         Harm     .   p - scarf {repulsion}
rCorr    .         Rampage  .   D - +0 pair of gloves
MR       .....                  (no boots)
Stlth    ..........             e - amulet of guardian spirit
HPRegen  0.25/turn              y - ring of magical power
MPRegen  0.16/turn              A - +6 ring of intelligence

@: petrified, berserk cooldown, slowed, repel missiles
A: retaliatory headbutt, horns 2
a: Berserk, Trog's Hand, Brothers in Arms, Renounce Religion


You were on level 10 of the Dungeon.
You worshipped Trog.
Trog was extremely pleased with you.
You visited 1 branch of the dungeon, and saw 10 of its levels.

You collected 466 gold pieces.

Inventory:

Hand Weapons
 a - a +0 hand axe (weapon)
Missiles
 j - 2 curare-tipped darts (quivered)
Armour
 b - a +1 chain mail of fire resistance (worn)
 h - a +0 buckler (worn)
 p - a scarf of repulsion (worn)
 D - a +0 pair of gloves (worn)
Jewellery
 e - an amulet of guardian spirit (around neck)
 y - a ring of magical power (left hand)
 A - a +6 ring of intelligence (right hand)
Wands
 n - a wand of random effects (39)
 o - a wand of iceblast (14)
 s - a wand of digging (5)
 B - a wand of paralysis (8)
Scrolls
 c - 3 scrolls of enchant weapon
 l - 8 scrolls of identify
 q - 4 scrolls of remove curse
 u - 3 scrolls of enchant armour {unknown}
 v - a scroll of magic mapping {unknown}
 w - 2 scrolls of teleportation {unknown}
 x - a scroll of random uselessness {unknown}
 C - 2 scrolls of noise {unknown}
Potions
 d - 2 potions of lignification
 f - 4 potions of haste
 g - 4 potions of heal wounds
 i - 3 potions of curing
 k - a potion of might
 m - a potion of invisibility
 r - 3 potions of flight {unknown}
 t - a potion of brilliance {unknown}
 z - 4 potions of mutation {unknown}


   Skills:
 + Level 9.0 Fighting
 + Level 13.3 Axes
 + Level 10.1 Armour
 + Level 5.5 Dodging
 + Level 1.4 Stealth
 + Level 4.9 Shields
 + Level 0.5 Unarmed Combat


You had 9 spell levels left.
You didn't know any spells.
Your spell library was empty.

Dungeon Overview and Level Annotations

Branches:
Dungeon (11/15)            Temple (0/1) D:5
   Lair: D:8-11         Orc: D:9-12

Altars:
Dithmenos
Fedhas
Kikubaaqudgha

Shops:
D:7 *

Portals:
Trove: D:11 (give +3 fire dragon scales)


Innate Abilities, Weirdness & Mutations

You reflexively headbutt those who attack you in melee.
You have a pair of horns on your head.


Message History

The orc hits you but does no damage.
The acid dragon bites you but does no damage.
The acid dragon claws you.
* * * LOW HITPOINT WARNING * * *
The basilisk gazes at you. The wraith hits you but does no damage.
The orc hits you but does no damage.
The acid dragon bites you but does no damage.
The acid dragon claws you but does no damage.
The basilisk bites you.
* * * LOW HITPOINT WARNING * * *
The wraith hits you but does no damage. The orc hits you but does no damage.
The acid dragon bites you but does no damage.
The acid dragon claws you.
* * * LOW HITPOINT WARNING * * *
The basilisk bites you but does no damage.
The wraith hits you but does no damage. The orc hits you with a +0 club.
The acid dragon bites you!
You die...

.##..............)......####.#
..#.......##)#..#########
################# # ### .###
### #.##...## ..####...#....
#.##......... ####
#####....Wl...... ##.#
###.....†..@o.....#
...###.......)##D###..#.
..........##.#.###
?########.#..##.# ## ###### ##


You could see a basilisk, a wraith, an acid dragon and an orc.

Vanquished Creatures
  A two-headed ogre (D:10)
  An unseen horror (D:10)
  Pikel (D:4)
  An ugly thing (D:11)
  Maggie (D:6)
  A centaur skeleton (D:10)
  3 komodo dragons (D:10)
  A troll (D:7)
  The ghost of dracfodder the Skirmisher, an amateur GrBe of Trog (D:4)
  Sigmund (D:6)
  A basilisk (D:10)
  Edmund (D:6)
  An acid dragon (D:11)
  A water moccasin (D:6)
  An ice beast (D:10)
  An orc warrior (D:6)
  A phantom (D:4)
  A black bear (D:10)
  An eye of draining (D:8)
  4 ogres
  A necrophage (D:10)
  5 centaurs
  4 lemures (D:4)
  3 bullfrogs
  Blork the orc (D:6)
  3 scorpions
  8 wights
  5 howler monkeys
  2 bullfrog zombies
  2 orc wizards
  2 orc priests
  4 hounds
  2 iguanas
  3 worker ants
  Natasha (thrice) (D:4)
  Ijyb (D:5)
  2 worker ant zombies (D:7)
  8 adders
  A white imp (D:7)
  2 oozes (D:2)
  An adder zombie (D:8)
  An adder skeleton (D:2)
  A worm (D:3)
  2 dart slugs (D:1)
  7 leopard geckos
  29 orcs
  A ball python (D:3)
  10 bats
  7 giant cockroaches
  11 goblins
  12 hobgoblins
  11 jackals
  13 kobolds
  A quokka (D:4)
  6 frilled lizards
  3 quokka skeletons
  10 rats
213 creatures vanquished.

Notes
Turn   | Place    | Note
-------+----------+-------------------------------------------
     0 | D:1      | mhtbhm the Minotaur Berserker began the quest for the Orb.
     0 | D:1      | Reached XP level 1. HP: 19/19 MP: 0/0
    53 | D:1      | Reached skill level 4 in Axes
    53 | D:1      | Reached XP level 2. HP: 26/27 MP: 1/1
   350 | D:1      | Reached ** piety under Trog
   358 | D:1      | Reached XP level 3. HP: 21/33 MP: 2/2
   958 | D:2      | Found a shadowy altar of Dithmenos.
   977 | D:2      | Reached skill level 5 in Axes
   977 | D:2      | Reached XP level 4. HP: 27/41 MP: 3/3
  1598 | D:3      | Reached *** piety under Trog
  1852 | D:3      | Found a faded altar of an unknown god.
  1886 | D:3      | Reached XP level 5. HP: 47/47 MP: 4/4
  2378 | D:4      | Found a runed translucent door.
  2379 | D:4      | Noticed a lemure
  2379 | D:4      | Noticed a lemure
  2381 | D:4      | Noticed a lemure
  2381 | D:4      | Noticed a lemure
  2382 | D:4      | Noticed Pikel
  2388 | D:4      | Killed a lemure
  2391 | D:4      | Killed a lemure
  2399 | D:4      | Killed a lemure
  2399 | D:4      | Killed a lemure
  2400 | D:4      | Killed Pikel
  2400 | D:4      | Reached skill level 5 in Fighting
  2400 | D:4      | Reached skill level 8 in Axes
  2400 | D:4      | Reached XP level 6. HP: 40/56 MP: 3/5
  2400 | D:4      | Reached XP level 7. HP: 43/61 MP: 3/6
  2549 | D:4      | Noticed dracfodder's ghost (amateur GrBe)
  2557 | D:4      | Reached skill level 1 in Shields
  2565 | D:4      | Killed dracfodder's ghost
  2565 | D:4      | Reached **** piety under Trog
  2612 | D:4      | Noticed Natasha
  2647 | D:4      | Killed Natasha
  2654 | D:4      | Noticed Natasha
  2676 | D:4      | Killed Natasha
  2812 | D:4      | Reached skill level 9 in Axes
  3003 | D:4      | Reached XP level 8. HP: 62/70 MP: 5/7
  3057 | D:4      | Found an ancient bone altar of Kikubaaqudgha.
  3249 | D:4      | Noticed Natasha
  3262 | D:4      | Killed Natasha
  3344 | D:5      | Entered Level 5 of the Dungeon
  3352 | D:5      | Noticed Ijyb
  3369 | D:5      | Killed Ijyb
  3423 | D:5      | Reached skill level 10 in Axes
  3612 | D:5      | Found a staircase to the Ecumenical Temple.
  3635 | D:5      | Found a blossoming altar of Fedhas.
  3877 | D:5      | Reached skill level 5 in Armour
  4211 | D:6      | Reached skill level 11 in Axes
  4540 | D:6      | Reached XP level 9. HP: 58/77 MP: 8/8
  4661 | D:6      | Noticed Blork the orc
  4670 | D:6      | Killed Blork the orc
  4734 | D:6      | Reached ***** piety under Trog
  4786 | D:6      | Noticed Edmund
  4794 | D:6      | Killed Edmund
  4905 | D:6      | Noticed Sigmund
  4915 | D:6      | Killed Sigmund
  4979 | D:6      | Noticed Maggie
  4997 | D:6      | Killed Maggie
  5320 | D:7      | Reached skill level 1 in Stealth
  5385 | D:7      | Found Hercherpho's General Store.
  6199 | D:7      | Reached skill level 12 in Axes
  6290 | D:7      | Noticed a troll
  6297 | D:7      | Killed a troll
  6764 | D:8      | Reached skill level 5 in Dodging
  6781 | D:8      | Reached XP level 10. HP: 88/88 MP: 6/9
  6895 | D:8      | You fall into a shaft and drop 3 floors!
  6901 | D:11     | Found a portal to a secret trove of treasure.
  6924 | D:11     | Noticed a green ugly thing
  6940 | D:11     | Killed a green ugly thing
  7119 | D:11     | Noticed a cyclops
  7139 | D:10     | Entered Level 10 of the Dungeon
  7173 | D:10     | Killed an unseen horror
  7456 | D:10     | Noticed a two-headed ogre
  7468 | D:10     | Killed a two-headed ogre
  7848 | D:10     | Reached skill level 13 in Axes
  8198 | D:10     | Reached skill level 10 in Armour
  8228 | D:10     | HP: 4/91 [acid dragon (1)]
  8231 | D:10     | Slain by an acid dragon

Illustrated notes

Levels and vault maps discovered:
D:1:      sevenhm_arrival_forest_fort_small_4, layout_rooms, chequers_jeans
D:2:      layout_rooms, grunt_dithmenos_smoke
D:3:      layout_rooms, chequers_ecumenical_altar_grove
D:4:      layout_gridville, kiku_gazebo_pond_becter, ebering_ghost_sewer_d,
          uniq_natasha, uniq_pikel
D:5:      layout_basic, minmay_temple_entry_mist, fedhas_altar_2, uniq_ijyb
D:6:      layout_rooms, chequers_serial_rivers_micro_e, uniq_edmund,
          uniq_sigmund, uniq_blork_the_orc, uniq_maggie
D:7:      layout_basic, serial_shops, shop_statue
D:8:      layout_basic
D:10:     nicolae_whirlpool, layout_basic, erik_lair_dragon
D:11:     layout_rooms, nicolae_trove_entry_columns, minmay_st_funbox,
          kennysheep_pointless_box, tso_altar, uniq_sonja

Skill      XL: |  1  2  3  4  5  6  7  8  9 10 |
---------------+-------------------------------+-----
Axes           | 4 5 8 9 11 12 13 | 13.3
Fighting       | 4 5 6 7 9 |  9.0
Dodging        | 3 4 5 |  5.5
Armour         | 3 4 5 8 10 | 10.1
Shields        | 1 2 4 |  4.9
Stealth        | 1 |  1.4
Unarmed Combat | |  0.5

Action                   |  1- 3 |  4- 6 |  7- 9 | 10-12 || total
-------------------------+-------+-------+-------+-------++-------
Melee: Hand axe          |    71 |   117 |   349 |   134 ||   671
       Headbutt          |     4 |    22 |    75 |    25 ||   126
       Unarmed           |       |       |     4 |       ||     4
Invok: Berserk           |       |     2 |     7 |     6 ||    15
  Use: Scroll            |     2 |     3 |     4 |       ||     9
Armor: Animal skin       |    14 |     3 |       |       ||    17
       Chain mail        |       |    52 |    97 |    73 ||   222
       Skin              |       |       |    21 |       ||    21
Dodge: Dodged            |    61 |    47 |   111 |    45 ||   264
       Repelled          |       |       |     1 |     1 ||     2
Block: Buckler           |       |     5 |    51 |    26 ||    82

Table legend: (Time is in decaauts)
 A = Elapsed time spent in this place.
 B = Non-inter-level travel time spent in this place.
 C = Inter-level travel time spent in this place.
 D = Time resting spent in this place.
 E = Time spent auto-exploring this place.
 F = Levels seen in this place.
 G = Mean time per level.
                   A        B        C        D        E       F      G
               +--------+--------+--------+--------+--------+-----+--------+
         Total |   8267 |   8149 |    118 |   1963 |   4628 |  10 |  826.7 |
       Dungeon |   8267 |   8149 |    118 |   1963 |   4628 |  10 |  826.7 |
               +--------+--------+--------+--------+--------+-----+--------+

Top non-repeatable levels by time:
     D:7: 1498 daAuts
     D:4: 1103 daAuts
    D:10: 1082 daAuts
     D:6: 1026 daAuts
     D:5: 836 daAuts
     D:2: 805 daAuts
     D:1: 805 daAuts
     D:3: 695 daAuts
    D:11: 252 daAuts
     D:8: 161 daAuts
